 Dungeon Sprint DCSS version 0.30-a0-824-g6c64550be9 (webtiles) character file.

Game seed: 11768872745729866020

53763 BigDaddyOpFi the End of an Era (level 14, -1/151 HPs)
             Began as a Hill Orc Fighter on Feb 27, 2023.
             Was the Champion of Qazlal.
             Killed from afar by a nagaraja (23 damage)
             ... with a bolt of poison
             ... in the Dungeon (Sprint IX: "|||||||||||||||||||||||||||||").
             The game lasted 00:06:42 (5010 turns).

BigDaddyOpFi the End of an Era (Hill Orc Fighter)   Turns: 5010, Time: 00:06:42

Health: -1/151     AC: 34    Str: 24    XL:     14   Next: 69%
Magic:  26/30      EV:  9    Int: 11    God:    Qazlal [******]
Gold:   721        SH: 30    Dex: 10    Spells: 13/13 levels left

rFire   . . .      SeeInvis .    r - +3 broad axe (freeze)
rCold   + . .      Faith    .    E - +2 tower shield {rC+}
rNeg    . . .      Spirit   .    o - +7 plate armour
rPois   .          Reflect  .    w - +2 hat
rElec   +          Harm     .    b - +0 cloak
rCorr   .          Rampage  .    C - +1 pair of gloves
Will    +....      NoTele   +    n - +0 pair of boots Stlth
                                 (no amulet)
HPRegen 0.45/turn                p - +3 ring of intelligence
MPRegen 0.22/turn                q - +2 ring of evasion

@: lethally poisoned (-1 -> -43), protected from electricity, repel missiles
A: no striking features
a: Renounce Religion, Upheaval, Elemental Force, Disaster Area


You were in the Dungeon.
You worshipped Qazlal.
Qazlal was exalted by your worship.
You visited 1 branch You collected 721 gold pieces.

Inventory:

Hand Weapons
 r - a +3 broad axe of freezing (weapon)
 B - a +3 broad axe
Armour
 b - a +0 cloak (worn)
 n - a +0 pair of boots (worn)
 o - a +7 plate armour (worn)
 w - a +2 hat (worn)
 C - a +1 pair of gloves (worn)
 E - a +2 tower shield of cold resistance (worn)
Jewellery
 p - a +3 ring of intelligence (left hand)
 q - a +2 ring of evasion (right hand)
 x - a ring of fire
 y - a ring of protection from fire
 z - a ring of willpower
 A - a ring of see invisible
Wands
 l - a wand of quicksilver (3) (quivered)
 t - a wand of paralysis (6)
Scrolls
 j - 3 scrolls of blinking
 k - 2 scrolls of amnesia
 u - 2 scrolls of identify
 v - a scroll of fog
 G - a scroll of enchant armour
Potions
 a - a potion of brilliance
 d - a potion of invisibility
 e - 4 potions of curing
 g - 3 potions of haste
 h - 4 potions of magic
 i - 4 potions of berserk rage
 F - a potion of might


   Skills:
 + Level 21.4 Fighting
 + Level 22.9 Axes
 + Level 19.8 Armour
 + Level 19.7 Shields
 * Level 25.2 Invocations


You had 13 spell levels left.
You didn't know any spells.
Your spell library was empty.

Dungeon Overview and Level Annotations

Branches:
Dungeon (1/1)

Altars:
Cheibriados
Dithmenos
Elyvilon
Fedhas
Gozag
Hepliaklqana
Kikubaaqudgha
Makhleb
Nemelex Xobeh
Okawaru
Qazlal
Ru
Sif Muna
Trog
Uskayaw
Vehumet
Wu Jian
Xom
Yredelemnul
Zin
The Shining One
Beogh
Jiyva
Lugonu

Shops:
D ?!((


Message History

You hear a shout!
You see here a +0 longbow.
Things that are here:
a +0 arbalest; a yaktaur corpse The nagaraja is recalled.
The Orb Guardian is recalled.
The black draconian is recalled.
A nagaraja comes into view. It is wielding a +0 club.
A black draconian and an Orb Guardian come into view.
You see here a +0 longbow.
The nagaraja spits poison at you.
The splash of poison hits you but does no damage.
You are poisoned.
Items here: )) [[ ††.
Okay, then.
You feel sick. You block the nagaraja's attack. x2
You see here a +0 longbow.
You slash the nagaraja! You freeze the nagaraja.
The nagaraja is lightly wounded.
Your protection from electricity is fading.
You feel sick. You block the nagaraja's attack. x2
You barely miss the nagaraja.
The nagaraja is lightly wounded.
You feel sick. The nagaraja casts a spell at you. The bolt of poison hits you!
You are more poisoned.
* * * LOW HITPOINT WARNING * * *
You slice the nagaraja!! You freeze the nagaraja.
The nagaraja is moderately wounded.
You feel very sick.
You hear a shout!
The ironbound convoker points at the black draconian and mumbles some strange words.
The black draconian seems to grow stronger.
You slice the nagaraja!! You freeze the nagaraja!
The nagaraja is severely wounded.
You feel very sick.
The nagaraja points at you and mumbles some strange words.
The bolt of poison hits you!!
You are lethally poisoned!
You die...

)..[.[[[.[....!..[..[))(((.[)))..
▓▓▓▓▓▓▓▓▓▓▓▓▓▓▓▓▓▓▓▓▓▓▓▓▓▓▓▓▓▓▓▓▓
.................................
▓▓▓▓▓▓▓▓▓▓▓▓▓▓▓▓▓▓▓▓▓▓▓♣♣♣♣♣♣♣♣♣♣
)..')........)..)....).')...÷....
▓▓▓▓▓▓▓▓▓▓▓▓▓▓▓▓▓▓▓▓▓▓▓♣♣♣♣♣♣♣♣♣♣
.................................
▓▓▓▓▓▓▓▓▓▓▓▓▓▓▓▓▓▓▓▓▓▓▓▓▓▓▓▓▓▓▓▓▓
.).).......≈))')@NXd≈pJG..
▓▓▓▓▓▓▓▓▓▓▓▓▓▓▓▓▓▓▓▓▓▓▓▓▓▓


You could see a black draconian (strong), an Orb Guardian, a nagaraja, a great
orb of eyes, a slime creature (strong) and an ironbound convoker (catching
breath).

Vanquished Creatures
  2 liches (D)
  A sphinx (D)
  Gastronok (D)
  A frost giant (D)
  An emperor scorpion (D)
  2 vault wardens (D)
  A spriggan defender (D)
  A very ugly thing (D)
  An ironbound thunderhulk (D)
  2 stone giants (D)
  A vampire knight (D)
  A fire dragon (D)
  An ettin (D)
  A yaktaur captain (D)
  4 hydras (D)
  Erolcha (D)
  An ice dragon (D)
  A spriggan air mage (D)
  7 centaur warriors (D)
  An ironbound frostheart (D)
  3 rakshasas (D)
  3 anacondas (D)
  2 deep troll shamans (D)
  A boulder beetle (D)
  3 alligators (D)
  A naga warrior (D)
  A tengu warrior (D)
  A naga sharpshooter (D)
  A hell knight (D)
  A shock serpent (D)
  A pharaoh ant (D)
  An orb spider (D)
  2 wizards (D)
  A goliath frog (D)
  A necromancer (D)
  A steelbarb worm (D)
  An ironbound convoker (D)
  2 cyclopes (D)
  7 orc sorcerers (D)
  An ugly thing (D)
  A wolf spider (D)
  2 manticores (D)
  3 black mambas (D)
  A merfolk siren (D)
  An elephant (D)
  A naga mage (D)
  A moth of wrath (D)
  2 cane toads (D)
  3 komodo dragons (D)
  5 merfolk (D)
  2 trolls (D)
  A meliai (D)
  A bloated husk (D)
  2 tyrant leeches (D)
  4 blink frogs (D)
  A slime creature (shapeshifter) (D)
  A shadow (D)
  A jumping spider (D)
  A vampire (D)
  A yak (D)
  A water elemental (D)
  2 basilisks (D)
  Eustachio (D)
  A redback (D)
  4 vampire mosquitoes (D)
  2 water moccasins (D)
  16 orc warriors (D)
  An ice beast (shapeshifter) (D)
  A wolf (D)
  A centaur (D)
  5 bullfrogs (D)
  A scorpion (D)
  A howler monkey (D)
  A hound (D)
  3 orc priests (D)
  11 orc wizards (D)
  An adder (D)
  5 orcs (D)
  A giant cockroach (D)
  A hobgoblin (D)
  A kobold (D)
  2 ball pythons (D)
165 creatures vanquished.

Vanquished Creatures (others)
  A spriggan druid (D)
  An ugly thing (D)
2 creatures vanquished.

Grand Total: 167 creatures vanquished

Notes
Turn   | Place    | Note
-------+----------+-------------------------------------------
     0 | D        | BigDaddyOpFi the Hill Orc Fighter began the quest for the
                  | Orb.
     0 | D        | Reached XP level 1. HP: 19/19 MP: 1/1
    27 | D        | Noticed a hound
    27 | D        | Noticed a scorpion
    40 | D        | Killed a hound
    41 | D        | Reached skill level 5 in Fighting
    41 | D        | Reached XP level 2. HP: 21/29 MP: 2/2
    41 | D        | Reached XP level 3. HP: 27/36 MP: 3/3
    45 | D        | Reached skill level 5 in Axes
    45 | D        | Reached skill level 5 in Armour
    47 | D        | Killed a scorpion
    48 | D        | Reached skill level 5 in Shields
    48 | D        | Reached XP level 4. HP: 15/45 MP: 4/4
   186 | D        | Found a roughly hewn altar of Beogh.
   186 | D        | Found a snail-covered altar of Cheibriados.
   186 | D        | Found a shadowy altar of Dithmenos.
   186 | D        | Found a white marble altar of Elyvilon.
   186 | D        | Found a blossoming altar of Fedhas.
   186 | D        | Found an opulent altar of Gozag.
   188 | D        | Found a hazy altar of Hepliaklqana.
   189 | D        | Found a viscous altar of Jiyva.
   194 | D        | Found an ancient bone altar of Kikubaaqudgha.
   195 | D        | Found a corrupted altar of Lugonu.
   196 | D        | Found a burning altar of Makhleb.
   197 | D        | Found a sparkling altar of Nemelex Xobeh.
   198 | D        | Found an iron altar of Okawaru.
   199 | D        | Found a stormy altar of Qazlal.
   200 | D        | Found a sacrificial altar of Ru.
   201 | D        | Found a shimmering blue altar of Sif Muna.
   202 | D        | Found a bloodstained altar of Trog.
   203 | D        | Found a hide-covered altar of Uskayaw.
   204 | D        | Found a radiant altar of Vehumet.
   205 | D        | Found an ornate altar of the Wu Jian Council.
   206 | D        | Found a shimmering altar of Xom.
   207 | D        | Became a worshipper of Qazlal Stormbringer
   208 | D        | Found a basalt altar of Yredelemnul.
   209 | D        | Found a glowing silver altar of Zin.
   210 | D        | Found a glowing golden altar of the Shining One.
   279 | D        | Noticed a vampire mosquito
   279 | D        | Noticed a centaur
   279 | D        | Noticed a troll
   279 | D        | Noticed an orc warrior
   279 | D        | Noticed an orc warrior
   283 | D        | Killed a centaur
   284 | D        | Reached XP level 5. HP: 53/53 MP: 5/5
   284 | D        | Killed a vampire mosquito
   284 | D        | Reached * piety under Qazlal
   285 | D        | Reached XP level 6. HP: 62/62 MP: 6/6
   289 | D        | Killed a troll
   290 | D        | Reached skill level 10 in Axes
   290 | D        | Reached XP level 7. HP: 39/71 MP: 7/7
   298 | D        | Reached skill level 10 in Fighting
   300 | D        | Reached ** piety under Qazlal
   530 | D        | Noticed a centaur warrior
   530 | D        | Noticed a vampire
   530 | D        | Noticed a cyan ugly thing
   530 | D        | Noticed a shadow
   530 | D        | Noticed a troll
   530 | D        | Noticed a vampire mosquito
   535 | D        | Killed a vampire mosquito
   536 | D        | Reached skill level 10 in Armour
   536 | D        | Reached skill level 10 in Shields
   536 | D        | Reached XP level 8. HP: 65/81 MP: 8/8
   537 | D        | Killed a centaur warrior
   541 | D        | Killed a cyan ugly thing
   541 | D        | Reached *** piety under Qazlal
   542 | D        | Reached XP level 9. HP: 90/91 MP: 9/9
   559 | D        | Killed a troll
   903 | D        | Got the +0 ring mail of the Thoughtful Spines {Dex+4}
   922 | D        | Noticed a cane toad
   922 | D        | Noticed a cane toad
   929 | D        | Reached **** piety under Qazlal
   938 | D        | Killed a cane toad
   941 | D        | Killed a cane toad
   943 | D        | Reached ***** piety under Qazlal
   944 | D        | Reached XP level 10. HP: 77/103 MP: 10/10
   946 | D        | Reached skill level 1 in Invocations
   951 | D        | Reached skill level 15 in Axes
   951 | D        | Reached skill level 2 in Invocations
   954 | D        | Reached skill level 3 in Invocations
  1168 | D        | Noticed a black mamba
  1168 | D        | Noticed an elephant
  1168 | D        | Noticed a four-headed hydra
  1178 | D        | Killed a black mamba
  1179 | D        | Reached skill level 5 in Invocations
  1193 | D        | Killed an elephant
  1194 | D        | Reached skill level 6 in Invocations
  1199 | D        | Reached skill level 7 in Invocations
  1202 | D        | Killed an eight-headed hydra
  1202 | D        | Reached ****** piety under Qazlal
  1203 | D        | Reached skill level 8 in Invocations
  1220 | D        | Reached skill level 15 in Fighting
  1220 | D        | Reached skill level 9 in Invocations
  1498 | D        | Reached skill level 10 in Invocations
  1498 | D        | Reached XP level 11. HP: 89/112 MP: 18/18
  1812 | D        | Noticed Erolcha
  1821 | D        | Killed Erolcha
  1822 | D        | Reached skill level 11 in Invocations
  1963 | D        | Noticed Eustachio
  1977 | D        | Killed Eustachio
  2269 | D        | Noticed an orc sorcerer
  2275 | D        | Killed an orc sorcerer
  2276 | D        | Reached skill level 12 in Invocations
  2315 | D        | Reached skill level 13 in Invocations
  2594 | D        | Found Baisap's Magic Scroll Emporium.
  2594 | D        | Noticed an orc sorcerer
  2595 | D        | Noticed an orc sorcerer
  2597 | D        | Noticed a sun demon
  2597 | D        | Found Qairot's Distillery.
  2599 | D        | Killed an orc sorcerer
  2599 | D        | Noticed an orc sorcerer
  2600 | D        | Reached skill level 15 in Armour
  2603 | D        | Killed an orc sorcerer
  2604 | D        | Reached skill level 15 in Shields
  2605 | D        | Found Deusach's Antique Weapon Emporium.
  2611 | D        | Paralysed by an orc sorcerer for 2 turns
  2612 | D        | Noticed an orc sorcerer
  2614 | D        | Killed an orc sorcerer
  2615 | D        | Found Haplusip's Antique Weapon Shoppe.
  2615 | D        | Noticed an orc sorcerer
  2619 | D        | Noticed an orc sorcerer
  2621 | D        | Killed an orc sorcerer
  2621 | D        | Killed an orc sorcerer
  2622 | D        | Reached skill level 14 in Invocations
  2624 | D        | Killed an orc sorcerer
  2932 | D        | Noticed Gastronok
  2945 | D        | Killed Gastronok
  2946 | D        | Reached skill level 15 in Invocations
  2946 | D        | Reached XP level 12. HP: 124/124 MP: 21/23
  3073 | D        | Noticed a centaur warrior
  3073 | D        | Noticed a centaur warrior
  3073 | D        | Noticed a boulder beetle
  3073 | D        | Noticed a centaur warrior
  3074 | D        | Noticed a stone giant
  3083 | D        | Killed a centaur warrior
  3084 | D        | Noticed a centaur warrior
  3086 | D        | Killed a centaur warrior
  3087 | D        | Noticed a stone giant
  3098 | D        | Killed a stone giant
  3099 | D        | Reached skill level 16 in Invocations
  3107 | D        | Killed a centaur warrior
  3110 | D        | Noticed a tengu warrior
  3118 | D        | Noticed a vampire knight
  3125 | D        | Killed a boulder beetle
  3131 | D        | Killed a centaur warrior
  3132 | D        | Reached skill level 17 in Invocations
  3136 | D        | Noticed a rakshasa
  3140 | D        | Killed a tengu warrior
  3140 | D        | Killed a vampire knight
  3151 | D        | Killed a stone giant
  3152 | D        | Reached skill level 18 in Invocations
  3169 | D        | Killed a rakshasa
  3574 | D        | Reached XP level 13. HP: 134/134 MP: 26/26
  3580 | D        | Reached skill level 19 in Invocations
  3604 | D        | Noticed an emperor scorpion
  3624 | D        | Killed an emperor scorpion
  3625 | D        | Reached skill level 20 in Invocations
  3998 | D        | Reached skill level 21 in Invocations
  4034 | D        | Reached skill level 22 in Invocations
  4364 | D        | Noticed a lich
  4364 | D        | Noticed a fire dragon
  4364 | D        | Noticed a lich
  4365 | D        | Killed a lich
  4366 | D        | Reached XP level 14. HP: 148/148 MP: 20/29
  4374 | D        | Killed a lich
  4384 | D        | Reached skill level 23 in Invocations
  4385 | D        | Noticed a sphinx
  4387 | D        | Noticed a sphinx
  4388 | D        | Noticed a sphinx
  4392 | D        | Noticed a green very ugly thing
  4396 | D        | Killed a green very ugly thing
  4417 | D        | Killed a sphinx
  4421 | D        | Reached skill level 24 in Invocations
  4426 | D        | Noticed a spriggan defender
  4460 | D        | Killed a spriggan defender
  4827 | D        | Noticed a frost giant
  4839 | D        | Killed a frost giant
  4978 | D        | Noticed a vault warden
  4978 | D        | Noticed a vault warden
  4978 | D        | Noticed an ironbound thunderhulk
  4984 | D        | Killed a vault warden
  4988 | D        | Killed an ironbound thunderhulk
  4989 | D        | Reached skill level 25 in Invocations
  4997 | D        | Killed a vault warden
  5004 | D        | Noticed a nagaraja
  5005 | D        | Noticed a black draconian
  5005 | D        | Noticed an Orb Guardian
  5010 | D        | Killed from afar by a nagaraja

Illustrated notes

Levels and vault maps discovered:
D:        linesprint [early_d, line_temple, items_1, d_10, items_2, lair_1,
          lair_end, items_3, orc_1, orc_end, items_4, d_15, swamp_1, shoals_1,
          snake_1, spider_1, d_20, vaults_1, items_5, swamp_end, shoals_end,
          snake_end, spider_end, vaults_end, d_27, items_6, zot_1, zot_end,
          crypt_end, forest_end, elf_end, slime_end, tomb_end, abyss_end,
          pan_hell_end]

Skill      XL: |  1  2  3  4  5  6  7  8  9 10 11 12 13 14 |
---------------+-------------------------------------------+-----
Axes           | 4 6 8 9 10 11 13 14 16 18 19 21 22 | 22.9
Fighting       | 5 6 7 8 9 10 12 14 15 16 18 20 21 | 21.4
Armour         | 4 5 7 8 9 10 11 12 14 15 16 18 19 | 19.8
Shields        | 4 5 7 8 9 10 11 12 14 15 16 18 19 | 19.7
Invocations    | 10 15 18 22 25 | 25.2

Action                     |  1- 3 |  4- 6 |  7- 9 | 10-12 | 13-15 || total
---------------------------+-------+-------+-------+-------+-------++-------
  Melee: War axe           |    36 |     3 |       |       |       ||    39
         Broad axe         |       |     7 |    54 |   317 |   189 ||   567
 Invoke: Disaster Area     |       |       |       |     5 |     9 ||    14
         Upheaval          |       |       |       |       |     1 ||     1
  Evoke: Wand              |       |     2 |     4 |     1 |       ||     7
    Use: Potion            |     1 |       |     1 |       |     7 ||     9
         Scroll            |       |       |     6 |     3 |       ||     9
 Armour: Scale mail        |    13 |     2 |       |       |       ||    15
         Plate armour      |       |     3 |    35 |    84 |    88 ||   210
  Dodge: Dodged            |    19 |     7 |     8 |    44 |    25 ||   103
  Block: Buckler           |    15 |     5 |    15 |    84 |       ||   119
         Tower shield      |       |       |       |   120 |   246 ||   366

Table legend: (Time is in decaauts)
 A = Elapsed time spent in this place.
 B = Non-inter-level travel time spent in this place.
 C = Inter-level travel time spent in this place.
 D = Time resting spent in this place.
 E = Time spent auto-exploring this place.
 F = Levels seen in this place.
 G = Mean time per level.
                   A        B        C        D        E       F      G
               +--------+--------+--------+--------+--------+-----+--------+
         Total |   4949 |   4949 |      0 |   3437 |      0 |   1 | 4949.0 |
       Dungeon |   4949 |   4949 |      0 |   3437 |      0 |   1 | 4949.0 |
               +--------+--------+--------+--------+--------+-----+--------+

Top non-repeatable levels by time:
       D: 4949 daAuts
